 Dungeon Crawl Stone Soup version 0.18-a0-1225-g5d63bca (webtiles) character file.

238 namelastname112 the Sneak (level 5, -2/42 HPs)
             Began as a Draconian Enchanter on Feb 3, 2016.
             Slain by an ogre
             ... wielding a cursed -1 giant club
              (13 damage)
             ... on level 4 of the Dungeon.
             The game lasted 00:05:13 (3111 turns).

namelastname112 the Sneak (Draconian Enchanter)     Turns: 3111, Time: 00:05:13

Health: -2/42      AC:  6    Str: 10    XL:     5   Next: 78%
Magic:  2/9        EV: 13    Int: 16    God:
Gold:   283        SH:  0    Dex: 14    Spells: 3 memorised, 3 levels left

rFire  . . .     SeeInvis .     a - +1 dagger
rCold  . . .     Gourm    .     (armour unavailable)
rNeg   . . .     Faith    +     (no shield)
rPois  +         Spirit   .     (helmet restricted)
rElec  .         Dismiss  .     h - +0 cloak
rCorr  .         Reflect  .     (no gloves)
SustAt .         Harm     .     (no boots)
MR     .....                    u - amulet of faith
Stlth  ++........               p - +2 ring of dexterity
                                l - ring of poison resistance

@: not resistant to hostile enchantments, unstealthy
A: unfitting armour, cold-blooded, AC +5
a: no special abilities


You were on level 4 of the Dungeon.
You were near starving.

You visited 1 branch of the dungeon, and saw 4 of its levels.

You collected 283 gold pieces.

Inventory:

Hand Weapons
 a - a +1 dagger (weapon)
Armour
 h - a +0 cloak (worn)
Jewellery
 l - a ring of poison resistance (left hand)
 p - a +2 ring of dexterity (right hand)
 u - an amulet of faith (around neck)
Wands
 q - a wand of confusion (41/48)
Scrolls
 e - 4 scrolls of remove curse {unknown}
 i - 2 scrolls of recharging {unknown}
 o - a scroll of fog {unknown}
 r - a scroll of amnesia {unknown}
 s - a scroll of identify {unknown}
 t - 2 scrolls of teleportation {unknown}
 v - a scroll of fear {unknown}
 w - a scroll of noise {unknown}
Potions
 d - 3 potions of curing {unknown}
 f - a potion of might {unknown}
 g - a potion of lignification {unknown}
 j - a potion of invisibility {unknown}
 k - a potion of heal wounds {unknown}
 n - a potion of poison {unknown}
Books
 b - a book of Maledictions

   Spells                             Type                      Level
   a - Corona                         Hexes                        1
   b - Ensorcelled Hibernation        Hexes/Ice                    2
   c - Confuse                        Hexes                        3
   d - Tukima's Dance                 Hexes                        3
   e - Dazzling Spray                 Conjuration/Hexes            3
Comestibles
 c - 4 bread rations
 m - a slice of pizza
 x - 2 fruits


   Skills:
 + Level 2.5 Fighting
 + Level 2.3 Short Blades
 + Level 2.7 Dodging
 + Level 3.4 Stealth
 + Level 2.9 Spellcasting
 + Level 3.3 Hexes


You had 3 spell levels left.
You knew the following spells:

 Your Spells              Type           Power        Failure   Level  Hunger
a - Corona                Hex            ##.....      6%          1    #......
x - Confuse               Hex            ##......     14%         3    ###....
z - Ensorcelled Hibernat  Hex/Ice        #.....       17%         2    ##.....


Dungeon Overview and Level Annotations

Branches:
Dungeon (4/15)
 Temple: D:4-7

Altars:
Dithmenos
Elyvilon
Fedhas
Gozag
Ru
The Shining One


Innate Abilities, Weirdness & Mutations

Your plain brown scales are hard (AC +5).
Your body does not fit into most forms of armour.
You are cold-blooded and may be slowed by cold attacks.


Message History

The ogre is moderately wounded.
You hit the ogre.
The ogre is moderately wounded.
The ogre hits you with a giant club!
You barely miss the ogre.
The ogre is moderately wounded.
You hit the ogre.
The ogre is heavily wounded.
The ogre seems less confused.
The ogre hits you with a giant club!!
* * * LOW HITPOINT WARNING * * *
You are too injured to fight recklessly!
Casting: Confuse
Confirm with . or Enter, or press ? or * to list all spells.
Aiming: Confuse
Press: ? - help, Shift-Dir - straight line, f/p - ogre
Aim: an ogre, wielding a giant club (heavily wounded, chance to defeat MR: 44%)
The ogre resists with some effort.
You are near starving!
The ogre hits you with a giant club!
You die...

#.# #.#.................
#.###..................#
#.#..............#######
#.#.#............#
#.#.#............#
#.#.#............#######
#.#.#...........<.......
#.#.#)O...........######
#.#...#@#########.#
####.#.###.# #.#
#.......O..# #.#
#.####.##### #.#
#.##.#.#############.#
#....#...............#
####.#################
#.# #.#


You could see an ogre.

Vanquished Creatures
  An ogre (D:4)
  A hound (D:4)
  8 adders
  2 worms
  3 giant geckos
  3 bats (D:1)
  2 bat zombies (D:1)
  4 giant cockroaches
  2 goblins
  6 hobgoblins
  4 jackals (D:1)
  2 quokkas
  A giant newt (D:1)
  6 kobolds
  5 rats
50 creatures vanquished.

Vanquished Creatures (others)
  A goblin (D:2)
1 creature vanquished.

Grand Total: 51 creatures vanquished

Notes
Turn   | Place    | Note
--------------------------------------------------------------
     0 | D:1      | namelastname112 the Draconian Enchanter began the quest for the Orb.
     0 | D:1      | Reached XP level 1. HP: 14/14 MP: 3/3
   201 | D:1      | Reached XP level 2. HP: 14/20 MP: 1/5
   208 | D:1      | Learned a level 2 spell: Ensorcelled Hibernation
  1092 | D:1      | Reached XP level 3. HP: 27/27 MP: 1/6
  1108 | D:1      | Reached skill level 3 in Hexes
  1219 | D:2      | Reached skill level 1 in Fighting
  1291 | D:2      | Found an opulent altar of Gozag.
  1347 | D:2      | Found a white marble altar of Elyvilon.
  1576 | D:2      | Reached XP level 4. HP: 28/35 MP: 7/7
  1584 | D:2      | Learned a level 3 spell: Confuse
  1601 | D:2      | Found a blossoming altar of Fedhas.
  1977 | D:3      | Found a sacrificial altar of Ru.
  2177 | D:3      | Found a shadowy altar of Dithmenos.
  2341 | D:3      | Found a glowing golden altar of the Shining One.
  2548 | D:4      | Reached XP level 5. HP: 41/41 MP: 3/9
  2660 | D:4      | Noticed an ogre
  2746 | D:4      | Killed an ogre
  2965 | D:4      | Noticed an ogre
  3111 | D:4      | Slain by an ogre

Vault maps used:
D:1:      saegor_arrival_fortress, minmay_close_crescents
D:2:      nicolae_gozag_seed_capital, elyvilon_altar_4, lemuel_crystal_altar
D:3:      old_standard_altar, lemuel_doored_altar, nicolae_tso_carved_into_rock
D:4:      lemuel_crystal_altar, uniq_menkaure

Action                   |  1- 3 |  4- 6 || total
-------------------------+-------+-------++-------
Melee: Dagger            |    83 |    81 ||   164
 Cast: Corona            |     2 |       ||     2
       Ensorcelled Hiber |    15 |     8 ||    23
       Confuse           |       |    10 ||    10
 Stab: Sleeping          |    12 |    11 ||    23
       Confused          |       |     1 ||     1
  Eat: Chunk             |     2 |     5 ||     7
       Beef jerky        |       |     1 ||     1
